 Seeded DCSS version 0.30-a0-916-g9813417 (webtiles) character file.

Game seed: 7994615043735159278 (custom seed)

336 Geeful the Trooper (level 6, -3/51 HPs)
             Began as a Ghoul Hexslinger on Mar 20, 2023.
             Was an Initiate of Nemelex Xobeh.
             Slain by a phantom (6 damage)
             ... on level 4 of the Dungeon.
             The game lasted 00:19:43 (5071 turns).

Geeful the Trooper (Ghoul Hexslinger)               Turns: 5071, Time: 00:19:44

Health: -3/51      AC:  7    Str: 12 (14) XL:     6   Next: 54%
Magic:  6/6        EV:  9    Int:  8      God:    Nemelex Xobeh [......]
Gold:   179        SH:  0    Dex: 11      Spells: 6/7 levels left

rFire   . . .      SeeInvis .      - Unarmed
rCold   + . .      Faith    .    (no shield)
rNeg    + + +      Spirit   .    p - +0 scale mail
rPois   ∞          Reflect  .    (no helmet)
rElec   .          Rampage  .    (no cloak)
rCorr   .                        (no gloves)
Will    .....                    q - +0 pair of boots Stlth
                                 c - amulet of regeneration
HPRegen 0.00/turn                (no ring)
MPRegen 0.10/turn                (no ring)

@: inhibited regen
A: claws 1, cold resistance 1, negative energy resistance 3, inhibited
regeneration, torment resistance 2, devour on kill
a: Renounce Religion, Draw Escape, Draw Destruction, Draw Summoning


You were on level 4 of the Dungeon.
You worshipped Nemelex Xobeh.
Nemelex Xobeh was noncommittal.
You visited 1 branch of the dungeon, and saw 4 of its levels.

You collected 179 gold pieces.

Inventory:

Hand Weapons
 a - a +3 sling
Missiles
 e - a throwing net (quivered)
 i - 4 silver boomerangs
Armour
 j - a +0 ring mail
 m - a +0 chain mail
 p - a +0 scale mail (worn)
 q - a +0 pair of boots (worn)
Jewellery
 c - an amulet of regeneration (around neck)
Scrolls
 b - a scroll of immolation {unknown}
 d - 2 scrolls of teleportation
 g - a scroll of silence {unknown}
 k - a scroll of noise {unknown}
Potions
 f - 2 potions of brilliance


   Skills:
 + Level 3.4 Fighting
 - Level 1.7 Ranged Weapons
 + Level 2.0 Armour
 + Level 3.3 Dodging
 + Level 3.2 Unarmed Combat
 - Level 1.0 Spellcasting
 - Level 2.4 Hexes
 + Level 1.8 Invocations


You had 6 spell levels left.
You knew the following spells:

 Your Spells              Type           Power      Damage    Failure   Level
a - Slow                  Hex            16%        N/A       61%         1

Your spell library contained the following spells:

 Spells                   Type           Power      Damage    Failure   Level
 Inner Flame              Hex/Fire       2%         N/A       98%         3
 Portal Projectile        Hex/Tloc       4%         N/A       98%         3
 Ozocubu's Armour         Ice            0%         N/A       99%         3
 Cause Fear               Hex            2%         N/A       100%        4
 Metabolic Englaciation   Hex/Ice        1%         N/A       100%        5
 Simulacrum               Ice/Necr       0%         N/A       100%        6


Dungeon Overview and Level Annotations

Branches:
Dungeon (4/15)
 Temple: D:4-7

Altars:
Nemelex Xobeh
Qazlal
Sif Muna

Shops:
D:1 =

Annotations:
D:2 exclusion: 2 downstairs
D:3 exclusion: downstairs
D:4 Robin


Innate Abilities, Weirdness & Mutations

You are immune to poison.
You have sharp fingernails.
Your flesh is cold resistant. (rC+)
You are immune to negative energy. (rN+++)
You do not regenerate when monsters are visible.
You are immune to unholy pain and torment.
You thrive by killing the living.


Message History

The phantom is almost destroyed.
The phantom hits you.
You scratch the phantom but do no damage.
Your claw misses the phantom.
The phantom is almost destroyed.
The phantom hits you but does no damage.
You scratch the phantom but do no damage.
The phantom is almost destroyed.
The phantom hits you.
* * * LOW HITPOINT WARNING * * *
You scratch the phantom but do no damage.
The phantom is almost destroyed.
The phantom hits you.
* * * LOW HITPOINT WARNING * * *
You scratch the phantom but do no damage.
The phantom is almost destroyed.
The phantom barely misses you.
You feel better.
The phantom hits you but does no damage.
You closely miss the phantom.
The phantom is almost destroyed.
The phantom hits you.
* * * LOW HITPOINT WARNING * * *
You miss the phantom.
The phantom is almost destroyed.
The phantom hits you but does no damage.
You barely miss the phantom.
The phantom is almost destroyed.
The phantom barely misses you.
You barely miss the phantom.
The phantom is almost destroyed.
The phantom hits you.
* * * LOW HITPOINT WARNING * * *
You closely miss the phantom.
The phantom is almost destroyed.
You scratch the phantom but do no damage.
The phantom is almost destroyed.
The phantom hits you.
You die...
Your body disappears without a glow.

#.##...####............#...###.#
#......# ##.....#.#.#.##..###.#
######.# ##..........###.....#
#.# ##...#####.# #.....# #.#
##'## #.# ##....# #.# #.# #.#
##.#.# #.# #.# #.#####.#.# #.#
##.## #.........# #.#
##W@.###########.### #.#
#.....##.........#
#.#######.......#######.#
#..))).....###### #)#
##########.# #)### #.# #...# #.#
###.# #.# #.. #.# ###


You could see a phantom.

Vanquished Creatures
  A scorpion (D:4)
  An orc priest (D:4)
  An orc wizard (D:4)
  7 gnolls
  5 adders
  An ufetubus (D:4)
  2 worms
  3 dart slugs
  5 orcs
  4 endoplasms
  3 giant cockroaches
  11 goblins
  9 hobgoblins
  7 kobolds
  4 quokkas
  6 ball pythons
  8 bats
  4 frilled lizards
  9 rats
91 creatures vanquished.

Notes
Turn   | Place    | Note
-------+----------+-------------------------------------------
     0 | D:1      | Geeful the Ghoul Hexslinger began the quest for the Orb.
     0 | D:1      | Reached XP level 1. HP: 16/16 MP: 1/1
   234 | D:1      | Reached XP level 2. HP: 23/23 MP: 2/2
   291 | D:1      | Found a faded altar of an unknown god.
   310 | D:1      | Reached skill level 1 in Unarmed Combat
   651 | D:1      | Found Qenupn's Jewellery Shoppe.
  1124 | D:2      | Reached XP level 3. HP: 29/29 MP: 3/3
  1213 | D:2      | Found a shimmering blue altar of Sif Muna.
  2085 | D:2      | Reached XP level 4. HP: 37/37 MP: 4/4
  2613 | D:3      | Identified the +6 dagger of Nishru {holy, Contam Will+
                  | Int+3 Stlth+}
  2812 | D:3      | Found a stormy altar of Qazlal.
  2813 | D:3      | Noticed an air elemental
  2816 | D:3      | Noticed an earth elemental
  2816 | D:3      | Noticed a water elemental
  2816 | D:3      | Noticed a fire elemental
  3111 | D:2      | Reached skill level 1 in Armour
  3467 | D:3      | Reached XP level 5. HP: 44/44 MP: 3/5
  3680 | D:3      | Found a sparkling altar of Nemelex Xobeh.
  3777 | D:3      | Became a worshipper of Nemelex Xobeh the Trickster
  3830 | D:4      | Noticed a lemure
  3830 | D:4      | Noticed Robin
  3948 | D:4      | Reached skill level 1 in Invocations
  4282 | D:4      | Reached XP level 6. HP: 51/51 MP: 6/6
  5071 | D:4      | Slain by a phantom

Illustrated notes

Levels and vault maps discovered:
D:1:      sevenhm_arrival_forest_fort_small_3, layout_basic, serial_shops,
          nicolae_shop_waterfront, shapermc_ecumenical_altar_mp_highgroup,
          minmay_tripent
D:2:      layout_basic, basic_altar
D:3:      layout_basic, nicolae_qazlal_style_of_elements,
          mainiacjoe_overflow_alcove_2, grunt_ministairs_6
D:4:      cheibrodos_helix_gallery, layout_loops_corners, serial_glass,
          glass_columns_c, glass_columns_b, chequers_mini_garden, uniq_pikel,
          uniq_robin, uniq_crazy_yiuf_cottage

Skill      XL: |  1  2  3  4  5  6 |
---------------+-------------------+-----
Dodging        | 2 3 |  3.3
Unarmed Combat | 1 2 3 |  3.2
Fighting       | 2 3 |  3.4
Armour         | 1 2 |  2.0
Invocations    | 1 |  1.8
Ranged Weapons | |  1.7
Spellcasting   | |  1.0
Hexes          | |  2.4

Action                     |  1- 3 |  4- 6 || total
---------------------------+-------+-------++-------
  Melee: Unarmed           |   141 |   219 ||   360
         Punch             |       |     6 ||     6
   Fire: Sling             |    10 |   100 ||   110
    Use: Potion            |       |     8 ||     8
         Scroll            |       |     7 ||     7
 Armour: Robe              |    11 |       ||    11
         Ring mail         |    21 |    62 ||    83
         Scale mail        |       |    67 ||    67
  Dodge: Dodged            |    95 |   155 ||   250

Table legend: (Time is in decaauts)
 A = Elapsed time spent in this place.
 B = Non-inter-level travel time spent in this place.
 C = Inter-level travel time spent in this place.
 D = Time resting spent in this place.
 E = Time spent auto-exploring this place.
 F = Levels seen in this place.
 G = Mean time per level.
                   A        B        C        D        E       F      G
               +--------+--------+--------+--------+--------+-----+--------+
         Total |   5102 |   4882 |    220 |    278 |   2803 |   4 | 1275.5 |
       Dungeon |   5102 |   4882 |    220 |    278 |   2803 |   4 | 1275.5 |
               +--------+--------+--------+--------+--------+-----+--------+

Top non-repeatable levels by time:
     D:2: 1478 daAuts
     D:3: 1292 daAuts
     D:4: 1270 daAuts
     D:1: 1059 daAuts
